 Dungeon Crawl Stone Soup version 0.25.1-2-g60ff931df9 (webtiles) character file.

Game seed: 7156095340470077794

5382 markt42 the Basher (level 10, -6/54 HPs)
             Began as a Gargoyle Fighter on Aug 31, 2020.
             Was an Elder of Okawaru.
             Mangled by a two-headed ogre
             ... wielding a +0 giant club
              (14 damage)
             ... on level 9 of the Dungeon.
             The game lasted 00:11:51 (10520 turns).

markt42 the Basher (Gargoyle Fighter)              Turns: 10520, Time: 00:11:52

Health: -6/54      AC: 25    Str: 19      XL:     10   Next: 66%
Magic:  19/19      EV:  9    Int:  8 (10) God:    Okawaru [****..]
Gold:   582        SH: 10    Dex: 12      Spells: 9/9 levels left

rFire    + . .     SeeInvis .   j - +0 morningstar
rCold    . . .     Gourm    .   c - +0 kite shield
rNeg     + . .     Faith    .   A - +0 plate armour
rPois    ∞         Spirit   .   k - +2 hat
rElec    +         Reflect  .   L - +0 cloak
rCorr    .         Harm     .   b - +0 pair of gloves
MR       +....     Rnd*Tele +   (no boots)
Stlth    ..........             (no amulet)
HPRegen  0.18/turn              x - ring of magical power
MPRegen  0.16/turn              a - +4 ring of evasion

@: hasted, very quick
A: fire resistance 1, frail 1, magic resistance 1, negative energy resistance 1,
electricity resistance, teleportitis 1, unbreathing, petrification resistance,
rot immunity, AC +7
a: Heroism, Renounce Religion


You were on level 9 of the Dungeon.
You worshipped Okawaru.
Okawaru was greatly pleased with you.
You were hungry.

You visited 2 branches of the dungeon, and saw 10 of its levels.

You collected 582 gold pieces.

Inventory:

Hand Weapons
 j - a +0 morningstar (weapon)
Armour
 b - a +0 pair of gloves (worn)
 c - a +0 kite shield (worn)
 k - a +2 hat (worn)
 A - a +0 plate armour (worn)
 L - a +0 cloak (worn)
Jewellery
 a - a +4 ring of evasion (right hand)
 v - an uncursed ring of flight
 x - a ring of magical power (left hand)
 E - a cursed ring of poison resistance {unknown}
Wands
 g - a wand of flame (25)
 y - a wand of polymorph (1)
Scrolls
 d - 2 scrolls of enchant armour {unknown}
 e - 4 scrolls of teleportation
 h - 5 scrolls of magic mapping {unknown}
 i - a scroll of immolation {unknown}
 l - a scroll of fear {unknown}
 m - 2 scrolls of fog {unknown}
 n - 2 scrolls of blinking
 p - 2 scrolls of noise {unknown}
 q - a scroll of amnesia
 r - 10 scrolls of remove curse
 s - 9 scrolls of identify
 C - a scroll of brand weapon {unknown}
Potions
 o - 3 potions of curing
 t - a potion of degeneration
 z - a potion of heal wounds
 F - 2 potions of flight
Comestibles
 f - 16 rations


   Skills:
 + Level 5.9 Fighting
 * Level 11.6 Maces & Flails
 * Level 8.3 Armour
 + Level 1.4 Dodging
 + Level 7.0 Shields
 + Level 0.3 Evocations


You had 9 spell levels left.
You didn't know any spells.
Your spell library contained the following spells:

 Spells                   Type           Power        Failure   Level  Hunger
 Animate Skeleton         Necr           N/A          100%        1    ##.....
 Corona                   Hex            #......      100%        1    ##.....
 Pain                     Necr           #...         100%        1    ##.....
 Sandblast                Erth           #.....       100%        1    ##.....
 Ensorcelled Hibernation  Hex/Ice        #.....       100%        2    ###....
 Passwall                 Tmut/Erth      #.......     100%        2    ###....
 Confusing Touch          Hex            #.......     100%        3    ####...
 Dazzling Flash           Conj/Hex       #.....       100%        3    ####...
 Stone Arrow              Conj/Erth      #.....       100%        3    ####...
 Tukima's Dance           Hex            #.......     100%        3    ####...
 Vampiric Draining        Necr           #.........   100%        3    ####...
 Animate Dead             Necr           N/A          100%        4    #####..
 Petrify                  Tmut/Erth      #.......     100%        4    #####..
 Agony                    Necr           #.......     100%        5    ######.
 Lee's Rapid Deconstruct  Erth           #.........   100%        5    ######.


Dungeon Overview and Level Annotations

Branches:
Dungeon (9/15)             Temple (1/1) D:4
   Lair: D:8-11         Orc: D:9-12

Altars:
Ashenzari
Cheibriados
Dithmenos
Elyvilon
Fedhas
Gozag
Hepliaklqana
Kikubaaqudgha
Makhleb
Nemelex Xobeh
Okawaru
Qazlal
Ru
Sif Muna
Trog
Uskayaw
Vehumet
Wu Jian
Xom
Yredelemnul
Zin
The Shining One


Innate Abilities, Weirdness & Mutations

You are resistant to torment.
Your stone body is resilient. (AC +7)
You are immune to poison.
You resist negative energy. (rN+)
You are resistant to electric shocks. (rElec)
You can survive without breathing.
You are immune to petrification.
You are immune to rotting.
Your flesh is heat resistant. (rF+)
You are frail. (-10% HP)
You are resistant to hostile enchantments. (MR+)
You are occasionally teleported next to monsters.


Message History

The hound barely misses you.
The two-headed ogre hits you with a +0 giant club.
* * * LOW HITPOINT WARNING * * *
You block the two-headed ogre's attack.
You see here a hippogriff corpse.
You hit the two-headed ogre.
The two-headed ogre is lightly wounded.
The hound closely misses you.
You barely miss the two-headed ogre.
The two-headed ogre is lightly wounded.
The two-headed ogre closely misses you.
The two-headed ogre completely misses you.
The hound barely misses you.
You closely miss the two-headed ogre.
The two-headed ogre is lightly wounded.
The hound bites you but does no damage.
You puncture the two-headed ogre!
The two-headed ogre is moderately wounded.
The two-headed ogre hits you with a +0 giant club!
You die...

....#.....$....+.......
.(.............##.....
...............##....#
...............##....#
......T......##..(.#
...........##....####
#.###.###.....##....#...
#....>h@O...............
#####.##########?...#...
... #....##'# ...#.
#....# .# <....#. ######
.. .... #. ############
#. #'## .. #..........#
.
#.########..........###
#
...................)..#


You could see a two-headed ogre and a hound.

Vanquished Creatures
  The ghost of jombi the Fighter, a novice GnWn of Okawaru (D:9)
  Maggie (D:9)
  A troll (D:9)
  Grinder (D:3)
  A hippogriff (D:9)
  Sigmund (D:5)
  A wyvern (D:9)
  Menkaure (D:5)
  2 orc warriors
  An ice beast (D:9)
  2 phantoms
  4 ogres
  3 centaurs
  A wyvern zombie (D:8)
  2 bullfrogs (D:8)
  Blork the orc (D:5)
  A gnoll sergeant (D:6)
  5 scorpions
  3 killer bees (D:6)
  4 wights (D:7)
  4 howler monkeys
  6 crimson imps
  A quasit (D:9)
  5 hounds
  A jelly (D:8)
  5 orc priests
  A centaur skeleton (D:5)
  A gnoll shaman (D:5)
  4 orc wizards
  A bullfrog skeleton (D:6)
  5 iguanas
  8 worker ants
  A hound skeleton (D:8)
  A worker ant zombie (D:7)
  Robin (D:4)
  10 adders
  20 gnolls
  2 oozes
  An adder zombie (D:2)
  3 adder skeletons
  2 worms
  3 dart slugs
  A leopard gecko (D:2)
  15 orcs
  8 giant cockroaches
  13 goblins
  6 hobgoblins
  15 jackals
  11 kobolds
  A quokka (D:6)
  A ball python (D:4)
  5 bats
  12 frilled lizards
  A quokka skeleton (D:4)
  8 rats
220 creatures vanquished.

Vanquished Creatures (others)
  A hungry ghost (D:7)
  A worm (D:4)
  An orc (D:9)
  2 goblins (D:4)
  A quokka (D:4)
6 creatures vanquished.

Grand Total: 226 creatures vanquished

Notes
Turn   | Place    | Note
-------+----------+-------------------------------------------
     0 | D:1      | markt42 the Gargoyle Fighter began the quest for the Orb.
     0 | D:1      | Reached XP level 1. HP: 14/14 MP: 1/1
    79 | D:1      | Reached XP level 2. HP: 19/19 MP: 2/2
   477 | D:1      | Reached XP level 3. HP: 23/23 MP: 3/3
   938 | D:2      | Reached XP level 4. HP: 28/28 MP: 4/4
   980 | D:2      | Reached skill level 3 in Maces & Flails
  1128 | D:2      | Reached XP level 5. HP: 33/33 MP: 5/5
  1143 | D:2      | Found a basalt altar of Yredelemnul.
  1146 | D:2      | Found a white marble altar of Elyvilon.
  1146 | D:2      | Found a radiant altar of Vehumet.
  1152 | D:2      | Found a shimmering altar of Xom.
  1152 | D:2      | Found a stormy altar of Qazlal.
  1152 | D:2      | Found an iron altar of Okawaru.
  1331 | D:2      | Found a hazy altar of Hepliaklqana.
  1610 | D:3      | Noticed Grinder
  1626 | D:3      | Killed Grinder
  1626 | D:3      | Reached skill level 4 in Maces & Flails
  1626 | D:3      | Reached skill level 1 in Dodging
  1626 | D:3      | Reached XP level 6. HP: 25/38 MP: 6/6
  2453 | D:3      | Reached skill level 5 in Armour
  2721 | D:4      | Reached XP level 7. HP: 27/43 MP: 7/7
  2841 | D:4      | Found a staircase to the Ecumenical Temple.
  2880 | Temple   | Entered the Ecumenical Temple
  3008 | Temple   | Became a worshipper of Warmaster Okawaru
  3080 | D:4      | Reached skill level 5 in Maces & Flails
  3220 | D:4      | Found a white marble altar of Elyvilon.
  3278 | D:4      | Found a stormy altar of Qazlal.
  3768 | D:4      | Found a snail-covered altar of Cheibriados.
  4063 | D:4      | Reached skill level 5 in Shields
  4448 | D:4      | Noticed Robin
  4453 | D:4      | Killed Robin
  4735 | D:5      | Entered Level 5 of the Dungeon
  4768 | D:5      | Reached skill level 6 in Maces & Flails
  4768 | D:5      | Reached XP level 8. HP: 48/48 MP: 8/8
  4944 | D:5      | Reached * piety under Okawaru
  5291 | D:5      | Noticed Menkaure
  5296 | D:5      | Killed Menkaure
  5296 | D:5      | Reached skill level 7 in Maces & Flails
  5897 | D:5      | Noticed Sigmund
  5897 | D:5      | Noticed Blork the orc
  5914 | D:5      | Killed Blork the orc
  5925 | D:5      | Killed Sigmund
  6324 | D:6      | Reached skill level 8 in Maces & Flails
  6334 | D:6      | Reached ** piety under Okawaru
  6680 | D:6      | Found a radiant altar of Vehumet.
  6749 | D:6      | Reached XP level 9. HP: 51/52 MP: 9/9
  6938 | D:6      | Noticed a +0 hand axe
  6939 | D:6      | Noticed a +0 hand axe
  6942 | D:6      | Found a hide-covered altar of Uskayaw.
  6994 | D:6      | Found a glowing golden altar of the Shining One.
  7898 | D:7      | Reached skill level 9 in Maces & Flails
  8065 | D:7      | Reached skill level 5 in Fighting
  8372 | D:7      | Found a glowing silver altar of Zin.
  8372 | D:7      | Found a sparkling altar of Nemelex Xobeh.
  8841 | D:8      | Reached skill level 10 in Maces & Flails
  8935 | D:8      | Found a shimmering blue altar of Sif Muna.
  9249 | D:8      | Reached *** piety under Okawaru
  9298 | D:8      | Reached XP level 10. HP: 22/59 MP: 10/10
  9354 | D:8      | Gained mutation: You are frail. (-10% HP) [potion of
                  | mutation]
  9354 | D:8      | Gained mutation: Your flesh is heat resistant. (rF+)
                  | [potion of mutation]
  9354 | D:8      | Gained mutation: You are occasionally teleported next to
                  | monsters. [potion of mutation]
  9354 | D:8      | Gained mutation: You are resistant to hostile enchantments.
                  | (MR+) [potion of mutation]
 10152 | D:9      | Found a runed translucent door.
 10152 | D:9      | Noticed jombi's ghost (novice GnWn)
 10215 | D:9      | Killed jombi's ghost
 10215 | D:9      | Received a gift from Okawaru
 10215 | D:9      | Reached skill level 11 in Maces & Flails
 10390 | D:9      | Noticed Maggie
 10409 | D:9      | Killed Maggie
 10477 | D:9      | Noticed a two-headed ogre
 10503 | D:9      | Reached **** piety under Okawaru
 10520 | D:9      | Mangled by a two-headed ogre

Illustrated notes

Levels and vault maps discovered:
D:1:      matt_arrival_refuge, layout_loops_ring, minmay_domino_2
D:2:      minmay_spotlight, layout_rooms, old_standard_altar,
          doesnt_xom_only_xom, corexii_corridor_pit
D:3:      layout_basic, uniq_grinder
D:4:      minmay_wonky_spiral, layout_loops_corners, lemuel_round_altar,
          elyvilon_altar_4, cheibriados_altar_1,
          minmay_temple_entry_proselytizer, first_ration, uniq_robin
D:5:      layout_basic, uniq_blork_the_orc, uniq_menkaure, uniq_sigmund
D:6:      layout_loops_ring, kennysheep_mini, dancing_weapons_uskayaw,
          vehumet_crystals
D:7:      layout_rooms, gammafunk_temple_overflow_elements, serial_curves,
          eino_curves_03, eino_curves_04, lemuel_old_faithful
D:8:      layout_basic, kennysheep_mini_moat
D:9:      layout_basic, hellmonk_ghost_happy_afterlife, uniq_maggie
Temple:   jpeg_temple_clearing

Skill      XL: |  1  2  3  4  5  6  7  8  9 10 |
---------------+-------------------------------+-----
Armour         | 4 5 7 8 |  8.3
Maces & Flails | 3 4 6 8 10 11 | 11.6
Shields        | 4 5 6 7 |  7.0
Dodging        | 1 |  1.4
Fighting       | 4 5 |  5.9
Evocations     | |  0.3

Action                   |  1- 3 |  4- 6 |  7- 9 | 10-12 || total
-------------------------+-------+-------+-------+-------++-------
Melee: Flail             |   125 |   208 |   312 |       ||   645
       Morningstar       |       |       |   336 |   192 ||   528
Evoke: Wand              |       |       |     6 |     7 ||    13
  Use: Potion            |       |     7 |     5 |     9 ||    21
       Scroll            |       |     5 |       |       ||     5
  Eat: Chunk             |       |     6 |    22 |     4 ||    32
Armor: Scale mail        |    77 |    82 |       |       ||   159
       Chain mail        |       |    64 |   166 |       ||   230
       Plate armour      |       |       |   207 |   150 ||   357
Dodge: Dodged            |    37 |    61 |   180 |    78 ||   356
Block: Kite shield       |    73 |   130 |   326 |   121 ||   650
